 Dungeon Crawl Stone Soup version 0.30-a0-122-g2a1322497e (webtiles) character file.

Game seed: 16467010303439770812

491 Ofeo the Trooper (level 6, -9/52 HPs)
             Began as a Palentonga Delver on Sept 17, 2022.
             Mangled by a gnoll
             ... wielding a +0 halberd
              (13 damage)
             ... on level 4 of the Dungeon.
             The game lasted 00:06:38 (4347 turns).

Ofeo the Trooper (Palentonga Delver)                Turns: 4347, Time: 00:06:38

Health: -9/52      AC: 10    Str: 20    XL:     6   Next: 91%
Magic:  0/6        EV:  4    Int: 10    God:
Gold:   182        SH:  0    Dex: 11    Spells: 5/5 levels left

rFire   . . .      SeeInvis +    a - +1 mace
rCold   . . .      Faith    .    (no shield)
rNeg    . . .      Spirit   +    k - +0 plate armour
rPois   +          Reflect  .    f - +0 helmet
rElec   .          Harm     +    j - scarf {harm}
rCorr   .          Rampage  .    u - +0 pair of gloves
Will    .....                    (no barding)
Stlth   ..........               h - amulet of guardian spirit
HPRegen 0.17/turn                o - ring of poison resistance
MPRegen 0.10/turn                (no ring)

@: no status effects
A: large, rugged brown scales 3, see invisible, deformed body, roll 1, armoured
tail
a: Rolling Charge


You were on level 4 of the Dungeon.
You visited 1 branch of the dungeon, and saw 6 of its levels.

You collected 182 gold pieces.

Inventory:

Hand Weapons
 a - a +1 mace (weapon)
Armour
 b - a +0 leather armour
 f - a +0 helmet (worn)
 j - a scarf of harm (worn)
 k - a +0 plate armour (worn)
 u - a +0 pair of gloves (worn)
Jewellery
 h - an amulet of guardian spirit (around neck)
 o - a ring of poison resistance (left hand)
Wands
 g - a wand of digging (3) {@v1}
 p - a wand of roots (7)
 w - a wand of charming (4)
Scrolls
 c - a scroll of fog
 d - a scroll of magic mapping
 e - 3 scrolls of fear
 i - 3 scrolls of identify {@r1}
 l - a scroll of noise
 m - 2 scrolls of immolation
 n - a scroll of silence
 r - a scroll of enchant weapon
 x - a scroll of brand weapon {unknown}
 y - a scroll of teleportation {unknown}
Potions
 q - 2 potions of curing {@q1}
 s - a potion of resistance {unknown}
 t - 2 potions of invisibility {unknown}
 v - 2 potions of attraction {unknown}
 z - a potion of ambrosia {unknown}


   Skills:
 + Level 4.7 Fighting
 + Level 4.0 Maces & Flails
 + Level 1.0 Armour
 - Level 3.0 Dodging
 + Level 4.3 Stealth


You had 5 spell levels left.
You didn't know any spells.
Your spell library contained the following spells:

 Spells                   Type           Power      Damage    Failure   Level
 Static Discharge         Conj/Air       0%         3-3/arc   100%        2
 Call Canine Familiar     Summ           0%         N/A       100%        3
 Portal Projectile        Hex/Tloc       0%         N/A       100%        3
 Dispel Undead            Necr           0%         3d6       100%        4
 Leda's Liquefaction      Hex/Erth       0%         N/A       100%        4
 Sticky Flame             Conj/Fire      0%         2d3       100%        4
 Arcjolt                  Conj/Air       0%         1d10      100%        5
 Lightning Bolt           Conj/Air       0%         1d11      100%        5
 Maxwell's Capacitive Co  Air            0%         ∞         100%        8


Dungeon Overview and Level Annotations

Branches:
Dungeon (6/15)
 Temple: D:4-7

Altars:

Shops:
D:2 (


Innate Abilities, Weirdness & Mutations

You are completely covered in rugged brown scales. (AC +3, +7% HP)
You have supernaturally acute eyesight. (SInv)
Armour fits poorly on your strangely shaped body.
You can roll at nearby foes to attack.
You have a long armoured tail.


Message History

The orc hits you but does no damage.
You hit the orc.
You kill the orc!
You hit the gnoll.
The gnoll is moderately wounded.
You sock the gnoll!
The gnoll is severely wounded.
The gnoll hits you with a +0 flail. The gnoll hits you with a +0 club.
You take 10 damage, and have 21/52 hp.
You now have 3/6 mp.
The gnoll attacks as you move away! The gnoll hits you with a +0 flail.
* * * LOW HITPOINT WARNING * * *
You take 6 damage, and have 15/52 hp.
You barely miss the gnoll.
The gnoll is lightly wounded.
The gnoll hits you with a +0 flail.
* * * LOW HITPOINT WARNING * * *
The gnoll hits you with a +0 flail.
* * * LOW HITPOINT WARNING * * *
You take 9 damage, and have 6/52 hp.
You now have 1/6 mp.
You sock the gnoll!
You kill the gnoll!
It was a potion of curing.
You feel better.
q - 2 potions of curing;
f - a +0 helmet (worn)
The gnoll hits you but does no damage.
You regained 6 hp, and now have 12/52 hp.
Aiming: Charm
Press: ? - help, Shift-Dir - straight line, f - gnoll
Aim: a gnoll, wielding a +0 club (severely wounded, chance to affect: 57%)
The gnoll resists with significant effort.
The gnoll hits you from afar with a +0 halberd.
* * * LOW HITPOINT WARNING * * *
The gnoll hits you with a +0 club.
* * * LOW HITPOINT WARNING * * *
You take 8 damage, and have 4/52 hp.
You now have 0/6 mp.
Aiming: Charm
Press: ? - help, Shift-Dir - straight line, f/p - gnoll
Aim: a gnoll, wielding a +0 club (severely wounded, chance to affect: 57%)
The gnoll resists with significant effort.
The gnoll hits you from afar with a +0 halberd!
You die...

#.#
##...#
#.# ##.##
#.# #.#
#.# #.#
#.#
#.######
#.@ggK.#
######)#
#.# #.#
#K# #.#
#).g....#
###.#####
.#


You could see 2 gnolls and a kobold.

Vanquished Creatures
  A phantom (D:5)
  A kobold brigand (D:4)
  A necrophage (D:5)
  2 scorpions
  Robin (D:2)
  5 gnolls
  3 adders
  2 worms (D:4)
  2 dart slugs (D:2)
  2 orcs (D:4)
  5 bats
  7 endoplasms
  4 giant cockroaches
  9 hobgoblins
  6 jackals
  2 quokkas (D:1)
  5 ball pythons
  3 frilled lizards
  14 goblins
  2 kobolds
  8 rats
85 creatures vanquished.

Vanquished Creatures (others)
  2 plants (D:2)
2 creatures vanquished.

Grand Total: 87 creatures vanquished

Notes
Turn   | Place    | Note
-------+----------+-------------------------------------------
     0 | D:5      | Ofeo the Palentonga Delver began the quest for the Orb.
     0 | D:5      | Reached XP level 1. HP: 19/19 MP: 1/1
     2 | D:5      | Noticed a scorpion
     8 | D:6      | Noticed a steam dragon
   130 | D:6      | Reached XP level 2. HP: 25/25 MP: 2/2
   269 | D:5      | Noticed a necrophage
   309 | D:5      | Killed a necrophage
   310 | D:5      | Reached XP level 3. HP: 13/31 MP: 0/3
   310 | D:5      | Reached XP level 4. HP: 16/38 MP: 0/4
   370 | D:5      | Killed a scorpion
   370 | D:5      | Noticed a phantom
   371 | D:5      | Reached XP level 5. HP: 20/44 MP: 2/5
   387 | D:5      | Killed a phantom
   686 | D:4      | Reached XP level 6. HP: 49/51 MP: 6/6
   752 | D:3      | Found a faded altar of an unknown god.
  1103 | D:1      | You fall into a shaft and drop 1 floor!
  2117 | D:2      | Found Fupufraxt's Antique Weapon Shoppe.
  2250 | D:2      | Noticed Robin
  2548 | D:2      | Killed Robin
  4007 | D:4      | Reached skill level 1 in Armour
  4347 | D:4      | Mangled by a gnoll

Illustrated notes

Levels and vault maps discovered:
D:1:      psy_arrival_conway, layout_loops_ring, fountainhead
D:2:      layout_rooms, serial_shops, nicolae_shop_waterfront, serial_forest,
          infiniplex_forest_end_2, infiniplex_forest_clump_double,
          infiniplex_forest_clump_tiny, infiniplex_forest_clump_small,
          infiniplex_forest_clump_cross, infiniplex_forest_lined_4_way,
          infiniplex_forest_lined_corner, supply_closet_lemuel, uniq_robin
D:3:      layout_basic, nicolae_ecumenical_pavilion, minmay_misc_feat_rows,
          kennysheep_generic_room_13
D:4:      layout_loops_ring
D:5:      layout_rooms, uniq_pikel, uniq_menkaure
D:6:      layout_loops_ring

Skill      XL: |  1  2  3  4  5  6 |
---------------+-------------------+-----
Dodging        | 2 3 |  3.0
Maces & Flails | 3 4 |  4.0
Fighting       | 4 |  4.7
Stealth        | 4 |  4.3
Armour         | 1 |  1.0

Action                   |  1- 3 |  4- 6 || total
-------------------------+-------+-------++-------
Melee: Mace              |    36 |   204 ||   240
       Tailslap          |     5 |    26 ||    31
       Punch             |       |     1 ||     1
 Abil: Rolling Charge    |     1 |     9 ||    10
Evoke: Wand              |       |     3 ||     3
  Use: Potion            |       |     2 ||     2
       Scroll            |       |     4 ||     4
Armor: Leather armour    |    13 |       ||    13
       Plate armour      |     9 |   189 ||   198
Dodge: Dodged            |    16 |    48 ||    64

Table legend: (Time is in decaauts)
 A = Elapsed time spent in this place.
 B = Non-inter-level travel time spent in this place.
 C = Inter-level travel time spent in this place.
 D = Time resting spent in this place.
 E = Time spent auto-exploring this place.
 F = Levels seen in this place.
 G = Mean time per level.
                   A        B        C        D        E       F      G
               +--------+--------+--------+--------+--------+-----+--------+
         Total |   4392 |   4262 |    130 |    608 |   2796 |   6 |  732.0 |
       Dungeon |   4392 |   4262 |    130 |    608 |   2796 |   6 |  732.0 |
               +--------+--------+--------+--------+--------+-----+--------+

Top non-repeatable levels by time:
     D:1: 1225 daAuts
     D:2: 1085 daAuts
     D:3: 922 daAuts
     D:4: 756 daAuts
     D:5: 266 daAuts
     D:6: 135 daAuts
